 Dungeon Sprint DCSS version 0.30.1-11-g7821555f0a (webtiles) character file.

Game seed: 15624342955064192876

16841 Heoruswealwe the Shatterer (level 12, -4/129 HPs)
             Began as a Minotaur Fighter on Jan 12, 2024.
             Was an Initiate of Gozag.
             Slain by a stone giant (31 damage)
             ... in the Dungeon (Sprint IX: "|||||||||||||||||||||||||||||").
             The game lasted 00:14:07 (1900 turns).

Heoruswealwe the Shatterer (Minotaur Fighter)       Turns: 1900, Time: 00:14:09

Health: -4/129     AC: 24    Str: 31    XL:     12   Next: 13%
Magic:  11/11      EV:  9    Int:  5    God:    Gozag
Gold:   6720       SH:  0    Dex: 11    Spells: 11/11 levels left

rFire   + + .        l - +7 great mace "Firestarter" {flame, immolate, rFlCloud rF++}
rCold   . . .        (shield currently unavailable)
rNeg    . . .        u - +0 plate armour
rPois   .            (helmet restricted)
rElec   .            h - +0 cloak
rCorr   .            f - +0 pair of gloves
SInv    .            e - +0 pair of boots
Will    .....        (no amulet) Stlth
                     k - +3 ring of strength
HPRegen 0.41/turn    j - +3 ring of strength
MPRegen 0.12/turn

%: no teleportation
@: gold aura
A: horns 2, retaliatory headbutt
a: Renounce Religion, Potion Petition, Call Merchant, Bribe Branch


You were in the Dungeon.
You worshipped Gozag.
Gozag was greatly pleased with you.
You visited 1 branch You collected 6720 gold pieces.

Inventory:

Hand Weapons
 a - a +0 trident
 b - a +2 halberd of venom
 l - the +7 great mace "Firestarter" (weapon) {flame, immolate, rFlCloud rF++}
   (You found it in the Dungeon)

   rFlCloud:  It grants immunity to clouds of flame.
   rF:        It greatly protects you from fire.
Armour
 d - a +0 buckler
 e - a +0 pair of boots (worn)
 f - a +0 pair of gloves (worn)
 h - a +0 cloak (worn)
 u - a +0 plate armour (worn)
Jewellery
 j - a +3 ring of strength (right hand)
 k - a +3 ring of strength (left hand)
Wands
 o - a wand of iceblast (10)
Scrolls
 q - 4 scrolls of identify
 s - 2 scrolls of blinking
Potions
 g - a potion of haste
 i - 2 potions of berserk rage
 m - 5 potions of heal wounds
 n - a potion of might
 r - 6 potions of curing
Miscellaneous
 p - a box of beasts


   Skills:
 + Level 18.9 Fighting
 * Level 23.6 Maces & Flails
 - Level 10.3 Polearms
 + Level 18.9 Armour
 - Level 3.6 Shields


You had 11 spell levels left.
You didn't know any spells.
Your spell library was empty.

Dungeon Overview and Level Annotations

Branches:
Dungeon (1/1)

Altars:
Cheibriados
Dithmenos
Elyvilon
Fedhas
Gozag
Hepliaklqana
Kikubaaqudgha
Makhleb
Nemelex Xobeh
Okawaru
Qazlal
Ru
Sif Muna
Trog
Uskayaw
Vehumet
Wu Jian
Xom
Yredelemnul
Zin
The Shining One
Jiyva
Lugonu

Shops:
D :=**


Innate Abilities, Weirdness & Mutations

You have a pair of horns on your head.
You reflexively headbutt those who attack you in melee.


Message History

You bludgeon something!!
Flame seeps out of something.
You burn something.
Flame seeps out of something.
You headbutt something.
Reactivating autopickup.
You feel a bit more experienced.
The ogre mage explodes!
The fiery explosion engulfs something!!
The fiery explosion engulfs you. You resist.
You hear a shout!
A stone giant comes into view.
Found Ygunuisu's Book Shop.
The stone giant shouts!
You hear a shout!
You feel a bit more experienced.
Things that are here:
262 gold pieces; a +0 club; a +0 robe An ogre mage comes into view.
It is wielding a +0 club.
Found 50 gold pieces.
The ogre mage shouts!
There is an entrance to Goiwynt's General Store here.
Things that are here:
167 gold pieces; a +0 flail; a +0 robe The stone giant throws a large rock.
The large rock hits you!!
* * * LOW HITPOINT WARNING * * *
A deep troll comes into view.
You see here 50 gold pieces.
A troll comes into view.
Found 50 gold pieces.
The deep troll shouts!
The troll shouts!
The ogre mage mumbles some strange words.
The ogre mage flickers and vanishes!
Deactivating autopickup; reactivate with Ctrl-A.
The troll moves out of view.
A deep troll comes into view.
There is an entrance to Wokh's General Store here.
The deep troll shouts!
You sock the stone giant! You burn the stone giant!
The stone giant is filled with an inner flame.
The stone giant is moderately wounded.
The stone giant hits you!!
You die...
Your body crumbles into a pile of gold.

T▓.▓.▓.▓)▓
▓T▓.▓.▓.▓)▓
▓.▓.▓'▓.▓.▓
▓$▓.▓(▓.▓.▓
▓T▓.▓[▓.▓.▓
▓{▓.▓)▓.▓'▓
▓∩▓.▓[▓.▓.▓
▓C▓.▓.▓.▓.▓
▓@▓.▓.▓.▓.▓
▓$▓.▓.▓.▓.▓
▓§▓.▓.▓.▓[▓
▓$▓.▓.▓.▓[▓
▓§▓.▓.▓.▓)▓
▓§▓.▓.▓.▓?▓
▓$▓.▓.▓.▓!▓
▓$▓.▓'▓.▓'▓
▓$▓.▓.▓.▓_▓


You could see a stone giant (inner flame) and 2 deep trolls.

Vanquished Creatures
  A stone giant (D)
  Josephine (D)
  5 ogre magi (D)
  A centaur warrior (D)
  3 deep trolls (D)
  An orc knight (D)
  4 lindwurms (D)
  A deep elf pyromancer (D)
  2 orc sorcerers (D)
  A black mamba (D)
  A gargoyle (D)
  An unseen horror (D)
  2 cane toads (D)
  3 komodo dragons (D)
  A tengu conjurer (D)
  A troll (D)
  A polar bear (D)
  2 tyrant leeches (D)
  A shadow (D)
  A wyvern (D)
  2 yaks (D)
  5 wraiths (D)
  An acid dragon (D)
  5 water moccasins (D)
  8 orc warriors (D)
  A black bear (D)
  An ogre (D)
  2 wolves (D)
  A centaur (D)
  A bullfrog (D)
  A jelly (D)
  8 orc priests (D)
  2 orc wizards (D)
  An adder (D)
  2 worms (D)
  5 orcs (D)
  2 endoplasms (D)
  A giant cockroach (D)
  A bat (D)
  A frilled lizard (D)
85 creatures vanquished.

Notes
Turn   | Place    | Note
-------+----------+-------------------------------------------
     0 | D        | Heoruswealwe the Minotaur Fighter began the quest for the
                  | Orb.
     0 | D        | Reached XP level 1. HP: 19/19 MP: 0/0
    20 | D        | Noticed a jelly
    20 | D        | Noticed a black bear
    20 | D        | Noticed an ogre
    22 | D        | Found a snail-covered altar of Cheibriados.
    22 | D        | Found a shadowy altar of Dithmenos.
    22 | D        | Found a white marble altar of Elyvilon.
    22 | D        | Found a blossoming altar of Fedhas.
    22 | D        | Found an opulent altar of Gozag.
    23 | D        | Found a hazy altar of Hepliaklqana.
    24 | D        | Found a viscous altar of Jiyva.
    25 | D        | Found an ancient bone altar of Kikubaaqudgha.
    26 | D        | Found a corrupted altar of Lugonu.
    27 | D        | Found a burning altar of Makhleb.
    28 | D        | Found a sparkling altar of Nemelex Xobeh.
    29 | D        | Found an iron altar of Okawaru.
    30 | D        | Became a worshipper of Gozag Ym Sagoz the Greedy
    36 | D        | Reached XP level 2. HP: 24/28 MP: 1/1
    38 | D        | Reached skill level 5 in Fighting
    38 | D        | Reached skill level 5 in Armour
    38 | D        | Reached XP level 3. HP: 19/36 MP: 2/2
    40 | D        | Killed a black bear
    41 | D        | Reached XP level 4. HP: 24/47 MP: 3/3
    41 | D        | Reached XP level 5. HP: 26/52 MP: 4/4
    47 | D        | Killed an ogre
    48 | D        | Reached skill level 10 in Polearms
    75 | D        | Found a stormy altar of Qazlal.
    76 | D        | Found a sacrificial altar of Ru.
    77 | D        | Found a shimmering blue altar of Sif Muna.
    78 | D        | Found a bloodstained altar of Trog.
    79 | D        | Found a hide-covered altar of Uskayaw.
    80 | D        | Found a radiant altar of Vehumet.
    81 | D        | Found an ornate altar of the Wu Jian Council.
    82 | D        | Found a shimmering altar of Xom.
    83 | D        | Found a basalt altar of Yredelemnul.
    84 | D        | Found a glowing silver altar of Zin.
    85 | D        | Found a glowing golden altar of the Shining One.
    93 | D        | Found the +7 great mace "Firestarter" {flame, immolate,
                  | rFlCloud rF++}
   161 | D        | Noticed a wraith
   161 | D        | Noticed a centaur
   161 | D        | Noticed an acid dragon
   161 | D        | Noticed a troll
   161 | D        | Noticed a wraith
   161 | D        | Noticed a shadow
   165 | D        | Killed a shadow
   165 | D        | Killed a wraith
   166 | D        | Reached skill level 7 in Maces & Flails
   166 | D        | Reached XP level 6. HP: 56/66 MP: 5/5
   166 | D        | Reached XP level 7. HP: 60/71 MP: 6/6
   177 | D        | Killed a troll
   178 | D        | Reached skill level 10 in Fighting
   178 | D        | Reached skill level 9 in Maces & Flails
   178 | D        | Reached skill level 10 in Armour
   180 | D        | Reached skill level 10 in Maces & Flails
   184 | D        | Killed a wraith
   184 | D        | HP: 2/74 [spore (6)]
   185 | D        | Reached skill level 11 in Maces & Flails
   185 | D        | Reached XP level 8. HP: 3/82 MP: 7/7
   322 | D        | Noticed a tengu conjurer
   322 | D        | Noticed a deep elf pyromancer
   322 | D        | Noticed a centaur warrior
   322 | D        | Noticed a gargoyle
   330 | D        | Killed a gargoyle
   331 | D        | Reached skill level 12 in Maces & Flails
   331 | D        | Killed a centaur warrior
   332 | D        | Reached skill level 13 in Maces & Flails
   332 | D        | Reached XP level 9. HP: 31/92 MP: 8/8
   333 | D        | Killed a deep elf pyromancer
   334 | D        | Reached skill level 14 in Maces & Flails
   352 | D        | Killed an unseen horror
   353 | D        | Reached skill level 15 in Maces & Flails
   358 | D        | Killed a tengu conjurer
   699 | D        | Noticed a black mamba
   703 | D        | Noticed a cane toad
   705 | D        | Reached skill level 16 in Maces & Flails
   706 | D        | Killed a black mamba
   706 | D        | Noticed a polar bear
   718 | D        | Noticed a komodo dragon
   721 | D        | Killed a cane toad
   722 | D        | Reached XP level 10. HP: 61/104 MP: 9/9
   730 | D        | Reached skill level 17 in Maces & Flails
   885 | D        | Noticed a cane toad
   892 | D        | Reached skill level 15 in Fighting
   892 | D        | Reached skill level 15 in Armour
   896 | D        | Reached skill level 18 in Maces & Flails
   899 | D        | Killed a cane toad
  1110 | D        | Noticed a lindwurm
  1110 | D        | Noticed a lindwurm
  1110 | D        | Noticed a lindwurm
  1114 | D        | Killed a lindwurm
  1115 | D        | Reached skill level 19 in Maces & Flails
  1115 | D        | Noticed a lindwurm
  1116 | D        | Killed a lindwurm
  1117 | D        | Killed a lindwurm
  1124 | D        | Reached XP level 11. HP: 59/114 MP: 10/10
  1131 | D        | Killed a lindwurm
  1132 | D        | Reached skill level 20 in Maces & Flails
  1367 | D        | Noticed Josephine
  1374 | D        | Killed Josephine
  1522 | D        | Noticed a stone giant
  1526 | D        | Killed a stone giant
  1527 | D        | Reached skill level 21 in Maces & Flails
  1671 | D        | Noticed an orc knight
  1671 | D        | Noticed an orc sorcerer
  1674 | D        | Noticed an orc sorcerer
  1679 | D        | Killed an orc sorcerer
  1686 | D        | Killed an orc knight
  1686 | D        | Killed an orc sorcerer
  1698 | D        | Reached skill level 22 in Maces & Flails
  1867 | D        | Found Goiwynt's General Store.
  1867 | D        | Noticed an ogre mage
  1867 | D        | Noticed a deep troll
  1867 | D        | Noticed a deep troll
  1867 | D        | Noticed an ogre mage
  1867 | D        | Noticed an ogre mage
  1867 | D        | Noticed a deep troll
  1869 | D        | Killed an ogre mage
  1870 | D        | Noticed an ogre mage
  1872 | D        | Killed an ogre mage
  1874 | D        | Killed a deep troll
  1874 | D        | Noticed an ogre mage
  1876 | D        | Killed a deep troll
  1877 | D        | Found Wokh's General Store.
  1884 | D        | Paralysed by something for 3 turns
  1889 | D        | Killed an ogre mage
  1890 | D        | Reached skill level 23 in Maces & Flails
  1891 | D        | Killed a deep troll
  1892 | D        | Reached XP level 12. HP: 48/128 MP: 11/11
  1892 | D        | Found Kiylasel's Jewellery Boutique.
  1895 | D        | Killed an ogre mage
  1896 | D        | Found Ygunuisu's Book Shop.
  1896 | D        | Noticed a stone giant
  1896 | D        | Killed an ogre mage
  1897 | D        | Noticed an ogre mage
  1900 | D        | Slain by a stone giant

Illustrated notes

Levels and vault maps discovered:
D:        linesprint [early_d, line_temple, items_1, d_10, items_2, lair_1,
          lair_end, items_3, orc_1, orc_end, items_4, d_15, swamp_1, shoals_1,
          snake_1, spider_1, d_20, vaults_1, items_5, swamp_end, shoals_end,
          snake_end, spider_end, vaults_end, d_27, items_6, zot_1, zot_end,
          crypt_end, forest_end, elf_end, slime_end, tomb_end, abyss_end,
          pan_hell_end]

Skill      XL: |  1  2  3  4  5  6  7  8  9 10 11 |
---------------+----------------------------------+-----
Polearms       | 4 6 8 10 | 10.3
Fighting       | 4 5 7 9 11 12 14 16 18 | 18.9
Armour         | 4 5 7 9 11 12 14 16 18 | 18.9
Maces & Flails | 7 11 13 16 19 23 | 23.6
Shields        | |  3.6

Action                     |  1- 3 |  4- 6 |  7- 9 | 10-12 || total
---------------------------+-------+-------+-------+-------++-------
  Melee: Trident           |    19 |    11 |       |       ||    30
         Headbutt          |     4 |     1 |     2 |    31 ||    38
         Great mace        |       |     3 |    39 |   101 ||   143
    Use: Scroll            |     1 |       |       |       ||     1
         Potion            |       |       |     2 |       ||     2
   Stab: Distracted        |       |       |       |     3 ||     3
 Armour: Scale mail        |     8 |       |       |       ||     8
         Chain mail        |       |     3 |    27 |    18 ||    48
         Plate armour      |       |       |       |    10 ||    10
  Dodge: Dodged            |     9 |     4 |    15 |    17 ||    45
  Block: Buckler           |     5 |     1 |       |       ||     6
